 Dungeon Crawl Stone Soup version 0.26-a0-1026-g544776af23 (webtiles) character file.

Game seed: 12909143080840356986

117 pablito the Insei (level 5, 0/33 HPs)
             Began as an Octopode Transmuter on Dec 10, 2020.
             Slain by an orc wizard
             ... wielding a +0 dagger
              (2 damage)
             ... on level 3 of the Dungeon.
             The game lasted 00:04:20 (2646 turns).

pablito the Insei (Octopode Transmuter)             Turns: 2646, Time: 00:04:21

Health: 0/33       AC:  1    Str: 15    XL:     5   Next: 1%
Magic:  7/8        EV: 13    Int: 16    God:
Gold:   187        SH:  0    Dex: 13    Spells: 7/8 levels left

rFire    . . .     SeeInvis .     - Unarmed
rCold    . . .     Faith    .   (no shield)
rNeg     . . .     Spirit   .   (helmet restricted)
rPois    .         Reflect  .   (no amulet)
rElec    .         Harm     .   j - ring of stealth
rCorr    .         Rampage  .   n - +6 ring of strength
Will     .....                  (no ring)
Stlth    ++++......             (no ring)
HPRegen  0.11/turn              (no ring)
MPRegen  0.11/turn              (no ring)
                                (no ring)
                                (no ring)

@: slowed, very slow
A: almost no armour, stealthy swim, amphibious, 8 rings, constrict 8, camouflage
1, gelatinous body 1
a: no special abilities


You were on level 3 of the Dungeon.
You visited 1 branch of the dungeon, and saw 3 of its levels.

You collected 187 gold pieces.

Inventory:

Jewellery
 j - a ring of stealth (left tentacle)
 n - a +6 ring of strength (right tentacle)
Wands
 g - a wand of random effects (10)
Scrolls
 a - 2 scrolls of teleportation {unknown}
 c - 3 scrolls of remove curse {unknown}
 d - 4 scrolls of identify {unknown}
 f - a scroll of magic mapping {unknown}
 i - a scroll of fog {unknown}
 k - a scroll of enchant armour {unknown}
Potions
 b - a potion of might {unknown}
 e - a potion of brilliance {unknown}
 h - 2 potions of curing
 l - a potion of flight {unknown}
 m - a potion of degeneration {unknown}


   Skills:
 - Level 1.0 Fighting
 - Level 2.0 Dodging
 + Level 1.6 Stealth
 + Level 4.3 Unarmed Combat
 - Level 2.0 Spellcasting
 + Level 3.6 Transmutations


You had 7 spell levels left.
You knew the following spells:

 Your Spells              Type           Power        Failure   Level
a - Beastly Appendage     Tmut           ##....       4%          1

Your spell library contained the following spells:

 Spells                   Type           Power        Failure   Level
 Wereblood                Tmut           ##......     7%          2
 Spider Form              Tmut/Pois      #.........   28%         3
 Ice Form                 Ice/Tmut       #.......     67%         4
 Blade Hands              Tmut           ##........   77%         5


Dungeon Overview and Level Annotations

Branches:
Dungeon (3/15)

Altars:
Kikubaaqudgha
Qazlal


Innate Abilities, Weirdness & Mutations

You cannot wear most types of armour.
You are very stealthy in the water. (Stealth+)
You are amphibious.
You can wear up to eight rings at the same time.
You can use your tentacles to constrict eight enemies at once.
Your skin changes colour to match your surroundings (Stealth+).
Your rubbery body absorbs attacks. (AC +1, EV +1)


Message History

The orc wizard gestures at you while chanting.
The magic dart hits you.
* * * LOW HITPOINT WARNING * * *
Your tentacle spike disappears.
The orc wizard gestures at you while chanting.
The magic dart hits you.
* * * LOW HITPOINT WARNING * * *
The orc wizard closely misses you.
Things that are here:
a +0 whip; an orc corpse You barely miss the orc wizard.
You grab the orc wizard.
The orc wizard is lightly wounded.
You constrict the orc wizard. The orc wizard closely misses you.
The orc wizard hits you with a +0 dagger.
* * * LOW HITPOINT WARNING * * *
You barely miss the orc wizard.
The orc wizard is moderately wounded.
You constrict the orc wizard.
The orc wizard hits you with a +0 dagger.
You die...

#............
#.###########
#######
#........
#.....#
#..######
#.....# #..#
#.....# #..#
#.....# #..#
#.....# #..#
###....@####..#
......o)).....#
....###.#####.#
... #.# .# .
#.# .# #.. ..
### .# .. .#
#.#


You could see an orc wizard (fast).

Vanquished Creatures
  Jessica (D:2)
  2 adders
  A worm (D:2)
  3 dart slugs
  2 leopard geckos (D:1)
  8 orcs (D:3)
  4 bats
  A giant cockroach (D:1)
  7 goblins
  3 hobgoblins
  7 jackals (D:1)
  A quokka (D:2)
  3 frilled lizards
  2 kobolds
  7 rats
52 creatures vanquished.

Vanquished Creatures (others)
  A human (D:3)
1 creature vanquished.

Grand Total: 53 creatures vanquished

Notes
Turn   | Place    | Note
-------+----------+-------------------------------------------
     0 | D:1      | pablito the Octopode Transmuter began the quest for the
                  | Orb.
     0 | D:1      | Reached XP level 1. HP: 13/13 MP: 3/3
     6 | D:1      | Noticed a polar bear
     6 | D:1      | Noticed a black mamba
     6 | D:1      | Noticed a lindwurm
     7 | D:1      | Noticed a komodo dragon
     7 | D:1      | Noticed a redback
   256 | D:1      | Reached XP level 2. HP: 16/18 MP: 3/5
   634 | D:1      | Reached XP level 3. HP: 23/23 MP: 4/6
  1442 | D:2      | Noticed Jessica
  1451 | D:2      | Killed Jessica
  1452 | D:2      | Reached skill level 4 in Unarmed Combat
  1452 | D:2      | Reached XP level 4. HP: 28/28 MP: 5/7
  1534 | D:2      | Found a stormy altar of Qazlal.
  2115 | D:3      | Reached skill level 1 in Stealth
  2371 | D:3      | Found an ancient bone altar of Kikubaaqudgha.
  2371 | D:3      | Noticed a human
  2374 | D:3      | Killed a human
  2642 | D:3      | Reached XP level 5. HP: 17/33 MP: 6/8
  2645 | D:3      | HP: 2/33 [orc wizard/+0 dagger (2)]
  2646 | D:3      | Slain by an orc wizard

Illustrated notes

Levels and vault maps discovered:
D:1:      onia_arrival_zoo_common, layout_basic, minivault_24
D:2:      layout_loops_cross, grunt_qazlal_sundering, uniq_jessica
D:3:      layout_basic, tgw_kikubaaqudgha

Skill      XL: |  1  2  3  4 |
---------------+-------------+-----
Transmutations | 3 |  3.6
Unarmed Combat | 4 |  4.3
Stealth        | 1 |  1.6
Fighting       | |  1.0
Dodging        | |  2.0
Spellcasting   | |  2.0

Action                   |  1- 3 |  4- 6 || total
-------------------------+-------+-------++-------
Melee: Unarmed           |    70 |    47 ||   117
       Constrict         |    22 |    18 ||    40
       Kick              |    14 |    11 ||    25
       Tentacles         |     8 |    10 ||    18
       Punch             |     2 |     1 ||     3
 Cast: Beastly Appendage |    26 |    12 ||    38
  Use: Potion            |       |     1 ||     1
 Stab: Sleeping          |     5 |     4 ||     9
Armor: Skin              |     6 |     3 ||     9
Dodge: Dodged            |    56 |    28 ||    84

Table legend: (Time is in decaauts)
 A = Elapsed time spent in this place.
 B = Non-inter-level travel time spent in this place.
 C = Inter-level travel time spent in this place.
 D = Time resting spent in this place.
 E = Time spent auto-exploring this place.
 F = Levels seen in this place.
 G = Mean time per level.
                   A        B        C        D        E       F      G
               +--------+--------+--------+--------+--------+-----+--------+
         Total |   2641 |   2523 |    118 |      0 |   2160 |   3 |  880.3 |
       Dungeon |   2641 |   2523 |    118 |      0 |   2160 |   3 |  880.3 |
               +--------+--------+--------+--------+--------+-----+--------+

Top non-repeatable levels by time:
     D:1: 1124 daAuts
     D:2: 963 daAuts
     D:3: 554 daAuts
